 Dungeon Crawl Stone Soup version 0.24.0-1-gfbc8707 (webtiles) character file.

Game seed: 16875456132742429423, levelgen mode: deterministic

21 Illumine the Vexing (level 2, 0/15 HPs)
             Began as a Deep Elf Enchanter on Nov 14, 2019.
             Killed from afar by a dart slug (5 damage)
             ... with a slug dart
             ... on level 2 of the Dungeon.
             The game lasted 00:03:30 (1785 turns).

Illumine the Vexing (Deep Elf Enchanter)            Turns: 1785, Time: 00:03:31

Health: 0/15       AC:  2    Str:  5    XL:     2   Next: 62%
Magic:  0/8        EV: 13    Int: 19    God:
Gold:   76         SH:  0    Dex: 15    Spells: 4/7 levels left

rFire    . . .     SeeInvis .   a - +1 dagger
rCold    . . .     Gourm    .   (no shield)
rNeg     . . .     Faith    .   b - +0 robe
rPois    .         Spirit   .   (no helmet)
rElec    .         Reflect  .   (no cloak)
rCorr    .         Harm     .   (no gloves)
MR       .....                  (no boots)
Stlth    +++.......             (no amulet)
HPRegen  0.05/turn              (no ring)
MPRegen  0.11/turn              (no ring)

@: very slightly contaminated
A: no striking features
a: no special abilities


You were on level 2 of the Dungeon.
You were not hungry.

You visited 1 branch of the dungeon, and saw 2 of its levels.

You collected 76 gold pieces.

Inventory:

Hand Weapons
 a - a +1 dagger (weapon)
Missiles
 e - 25 stones (quivered)
Armour
 b - a +0 robe (worn)
Scrolls
 c - 3 scrolls of identify {unknown}
 f - a scroll of enchant weapon {unknown}
 g - 2 scrolls of remove curse {unknown}
Potions
 h - a potion of curing {unknown}
 i - a potion of brilliance {unknown}
Comestibles
 d - 2 rations


   Skills:
 + Level 1.5 Short Blades
 - Level 2.4 Dodging
 - Level 4.0 Stealth
 + Level 3.4 Spellcasting
 + Level 4.3 Hexes


You had 4 spell levels left.
You knew the following spells:

 Your Spells              Type           Power        Failure   Level  Hunger
a - Corona                Hex            ###....      2%          1    None
b - Ensorcelled Hibernat  Hex/Ice        ##....       9%          2    ##.....

Your spell library contained the following spells:

 Spells                   Type           Power        Failure   Level  Hunger
 Confuse                  Hex            ###.....     8%          3    ###....
 Tukima's Dance           Hex            ###.....     8%          3    ###....
 Dazzling Spray           Conj/Hex       ##....       19%         3    ###....


Dungeon Overview and Level Annotations

Branches:
Dungeon (2/15)

Altars:
Ashenzari


Message History

The dart slug launches a dart at you. The slug dart misses you.
Casting: Ensorcelled Hibernation (safe; 9% risk of failure)
Confirm with . or Enter, or press ? or * to list all spells.
Aiming: Ensorcelled Hibernation (safe; 9% risk of failure)
Press: ? - help, Shift-Dir - straight line, f/p - dart slug
Aim: a dart slug (chance to defeat MR: 60%)
The dart slug resists with significant effort.
The dart slug closely misses you.
You hit the dart slug.
The dart slug is moderately wounded.
You hit the dart slug but do no damage.
The dart slug is moderately wounded.
The dart slug launches a dart at you. The slug dart misses you.
You hit the dart slug.
The dart slug is severely wounded.
The dart slug launches a dart at you. The slug dart hits you.
You die...

# #. . ### #. #.
##.##############>
###.###...##............
.............#########.
##.#.#........## #.
#......#.......# ##
##.....#......### ###
##...@#.....##.###.###
##.w.#....##.....#...
##..#...##....##.###
##.#..##.....##.#
..#+####.....###.###
..#...#......# #....
###._.###########...
..#...#......+......
.### #.......###...


You could see a dart slug.

Vanquished Creatures
  An adder (D:2)
  3 bats (D:1)
  4 goblins (D:1)
  A hobgoblin (D:1)
  A kobold (D:1)
  A frilled lizard (D:1)
11 creatures vanquished.

Notes
Turn   | Place    | Note
-------+----------+-------------------------------------------
     0 | D:1      | Illumine the Deep Elf Enchanter began the quest for the
                  | Orb.
     0 | D:1      | Reached XP level 1. HP: 10/10 MP: 6/6
   883 | D:1      | Reached XP level 2. HP: 15/15 MP: 6/8
   887 | D:1      | Learned a level 2 spell: Ensorcelled Hibernation
  1702 | D:2      | Found a shattered altar of Ashenzari.
  1785 | D:2      | Killed from afar by a dart slug

Levels and vault maps discovered:
D:1:      lemuel_arrival_room, layout_loops_corners, skrybe_limestone_x
D:2:      layout_loops_corners, nicolae_overflow_crystal_walls,
          nicolae_ashenzari_panopticon, uniq_robin

Skill      XL: |  1  2 |
---------------+-------+-----
Stealth        | 4 |  4.0
Short Blades   | |  1.5
Dodging        | |  2.4
Spellcasting   | |  3.4
Hexes          | |  4.3

Action                   || total
-------------------------++-------
Melee: Dagger            ||    34
Throw: Stone             ||     5
 Cast: Corona            ||     9
       Ensorcelled Hiber ||    10
 Stab: Sleeping          ||     4
  Eat: Ration            ||     1
       Chunk             ||     1
Armor: Robe              ||     6
Dodge: Dodged            ||    23
